cohdb
Replays
Latest Replays
All Replays
Popular Replays
Top Player Replays
Match Explorer
How It Works
Community
CoH3 Stats
Reddit
Sign in to upload your games and track your stats! →
Sign in with Steam
Match 42120218
Unlisted
Match 42120218
Overview
Messages
Build Orders
End
Construct Section Command Post
Selects Indian Artillery Battlegroup
Infantry Section
Infantry Section
Infantry Section
Construct Platoon Command Post
Humber Armored Car
Selects War Cry
Construct Company Command Post
Selects Gurkha Rifles Section
War Cry
Infantry Training
Foot Guards Section
Crusader II Medium Tank
Crusader II Medium Tank
Selects Pillage
Crusader II Medium Tank
Exf
Gravey
Endless Pera
Triple7
0
0
Comments
sign in to comment!
No comments posted yet!